Map: Pillars of Gold LE

Players

lllllllllll

  • Race: Terran Terran
  • League: Master
  • Spawn Location: 1:00

Gemini - Winner!

  • Race: Protoss Protoss
  • League: Master
  • Spawn Location: 7:00

VOD

Have the link to the VOD?

Description

Time

  • Played on: June 13, 2020, 12:50 a.m.
  • Length: 8:49
Show
View Real Time Build Order
Export as new Build Order

lllllllllll Terran 

Build Orders:  

Get SALT Encoding   

  12  0:01  SCV  
  13  0:13  SCV  
  14  0:18  Supply Depot  
  14  0:25  SCV  
  15  0:39  SCV  
  15  0:40  Barracks  
  16  0:51  SCV  
  17  1:03  SCV  
  18  1:16  SCV  
  19  1:21  Command Center  
  19  1:32  Marine  
  20  1:35  Orbital Command  
  19  1:42  Supply Depot  
  19  1:50  Marine  
  20  2:02  SCV, Barracks  
  21  2:09  Marine  
  21  2:14  SCV  
  23  2:19  Barracks  
  23  2:26  Refinery  
  23  2:29  Refinery  
  24  2:34  Bunker  
  24  2:40  Orbital Command  
  24  2:41  SCV  
  24  2:44  Marine  
  25  2:53  SCV  
  26  3:02  Barracks Tech Lab  
  26  3:03  Barracks Tech Lab  
  26  3:07  SCV x2  
  26  3:12  Marine  
  29  3:14  Engineering Bay  
  29  3:19  SCV x2  
  31  3:24  Stimpack  
  31  3:28  Marauder  
  31  3:30  Marauder  
  31  3:33  SCV  
  36  3:35  SCV  
  36  3:39  Barracks Reactor  
  37  3:45  SCV  
  37  3:47  SCV  
  39  3:49  Marauder  
  39  3:51  Marauder  
  43  3:56  Supply Depot  
  43  3:58  SCV  
  43  3:59  SCV  
  45  4:08  Supply Depot  
  45  4:12  Combat Shield  
  45  4:18  Marauder x2  
  45  4:19  SCV x2  
  45  4:21  Marine x2  
  45  4:23  Supply Depot  
  53  4:31  SCV x2  
  55  4:39  Marine x4  
  55  4:43  SCV x2  
  61  4:51  Refinery  
  61  4:52  Factory, Refinery  
  61  4:57  Marine x4  
  65  5:00  SCV, Supply Depot  
  65  5:01  SCV  
  65  5:04  Concussive Shells  
  67  5:10  Barracks  
  67  5:11  Barracks  
  67  5:12  SCV  
  67  5:13  SCV  
  69  5:20  Marine x2, Marauder  
  60  5:39  SCV  
  60  5:40  SCV, Marauder, Marine x2  
  60  5:42  Starport, Marauder  
  67  5:43  Factory Reactor  
  62  5:54  SCV x2  
  64  6:02  Missile Turret  
  64  6:05  Terran Infantry Weapons Level 1, Missile Turret  
  64  6:06  Barracks Tech Lab  
  64  6:07  Barracks Reactor  
  64  6:10  Marine x2, Marauder  
  68  6:11  Starport  
  68  6:18  SCV x2  
  62  6:26  Supply Depot  
  62  6:31  Factory Reactor  
  62  6:32  Viking x2  
  66  6:44  SCV x2  
  68  6:52  Marine x4, Marauder x3  
  78  6:56  Supply Depot  
  78  7:00  Supply Depot  
  73  7:02  SCV x2  
  75  7:21  SCV x2  
  77  7:25  Medivac x3  
  77  7:28  Marine x2, Marauder  
  77  7:29  Marine, Marauder x2  
  92  7:35  SCV x2  
  94  7:38  Armory  
  94  7:47  SCV x2  
  94  7:50  Supply Depot  
  96  7:51  Supply Depot  
  96  8:01  Viking  
  102  8:08  Marauder  
  102  8:12  Marine  
  109  8:13  Marauder  
  108  8:24  Marine x3, Marauder  
  107  8:27  Supply Depot  
Show
View Real Time Build Order
Export as new Build Order

Gemini Protoss - Winner!

Build Orders: 1 Gate Expand 

Get SALT Encoding   

  12  0:00  Probe  
  13  0:13  Probe  
  14  0:21  Pylon  
  14  0:25  Probe  
  15  0:35  Probe  
  15  0:41  Gateway  
  16  0:43  Probe  
  17  0:50  Assimilator  
  17  0:54  Probe  
  18  1:06  Probe  
  19  1:25  Nexus  
  19  1:26  Probe  
  20  1:38  Cybernetics Core  
  20  1:40  Probe  
  21  1:51  Assimilator  
  21  1:53  Probe  
  22  1:56  Pylon  
  22  2:05  Stalker, Probe  
  23  2:15  Warp Gate  
  25  2:17  Probe  
  26  2:28  Probe  
  27  2:35  Probe  
  27  2:36  Probe  
  27  2:41  Robotics Facility  
  27  2:43  Probe  
  29  2:47  Stalker, Probe  
  33  2:53  Probe  
  34  2:58  Probe  
  35  3:05  Probe  
  35  3:10  Probe  
  37  3:18  Probe  
  38  3:22  Probe  
  39  3:30  Probe  
  39  3:32  Robotics Bay, Gateway  
  40  3:34  Probe  
  40  3:35  Gateway  
  40  3:38  Observer  
  42  3:42  Probe  
  42  3:45  Pylon  
  42  3:47  Probe  
  44  3:53  Warp Prism  
  44  3:54  Probe  
  45  3:59  Probe  
  46  4:04  Stalker  
  46  4:06  Probe  
  46  4:07  Pylon  
  51  4:11  Gravitic Drive, Probe  
  51  4:15  Assimilator  
  51  4:16  Assimilator  
  52  4:18  Probe  
  52  4:21  Disruptor  
  53  4:26  Probe  
  53  4:30  Probe  
  58  4:38  Probe  
  59  4:39  Pylon  
  59  4:42  Probe  
  59  4:43  Stalker  
  62  4:48  Pylon  
  62  4:50  Probe  
  62  4:57  Disruptor  
  66  5:02  Probe  
  66  5:04  Shield Battery  
  66  5:06  Stalker x2, Pylon  
  70  5:09  Probe  
  71  5:19  Sentry  
  71  5:20  Probe  
  74  5:21  Probe  
  73  5:32  Probe  
  73  5:34  Probe  
  71  5:40  Stalker x2  
  69  5:44  Probe  
  69  5:46  Probe  
  71  5:56  Probe  
  72  5:57  Twilight Council  
  72  5:58  Probe, Observer  
  72  5:59  Nexus  
  72  6:00  Sentry, Pylon  
  72  6:01  Pylon  
  76  6:10  Probe x2  
  76  6:11  Pylon, Blink  
  78  6:21  Disruptor  
  78  6:22  Probe x2  
  83  6:29  Gateway x2  
  83  6:30  Stalker x2, Gateway  
  83  6:31  Sentry, Forge  
  89  6:34  Probe x2  
  91  6:46  Pylon  
  91  6:49  Probe x2  
  93  7:02  Stalker x3  
  99  7:09  Assimilator  
  99  7:10  Disruptor  
  99  7:11  Probe x3  
  99  7:13  Assimilator  
  105  7:23  Probe, Pylon, Observer  
  105  7:24  Probe x2  
  108  7:32  Stalker x3  
  108  7:35  Stalker, Probe  
  108  7:36  Probe  
  118  7:39  Disruptor  
  118  7:49  Pylon  
  121  7:54  Stalker x2  
  125  8:01  Stalker x3, Gateway  
  125  8:03  Probe x2  
  132  8:12  Gateway  
  132  8:15  Pylon  
  128  8:24  Stalker x4  
  128  8:25  Probe  
  128  8:26  Probe x2  
  122  8:45  Stalker x2  
Tags
 
Add a new tag
Caveats
  • Supply blocks, unpowered buildings, or Contaminate may cause inaccurate times.
  • Supply counts are checked every 10 seconds.